 Dungeon Crawl Stone Soup version 0.27-b1-2-g8387495791 (webtiles) character file.

Game seed: 5804647837408603517

60 pikapanic the Poker (level 3, 0/29 HPs)
             Began as a Demonspawn Abyssal Knight on July 26, 2021.
             Was a Follower of Lugonu.
             Slain by an orc (3 damage)
             ... on level 3 of the Dungeon.
             The game lasted 00:14:27 (2751 turns).

pikapanic the Poker (Demonspawn Abyssal Knight)     Turns: 2751, Time: 00:14:27

Health: 0/29       AC:  3    Str: 13    XL:     3   Next: 80%
Magic:  4/4        EV: 11    Int: 13    God:    Lugonu [*.....]
Gold:   39         SH:  0    Dex: 12    Spells: 2/2 levels left

rFire    . . .     SeeInvis .   a - +1 spear
rCold    . . .     Faith    .   (no shield)
rNeg     . . .     Spirit   .   b - +0 leather armour
rPois    .         Reflect  .   (no helmet)
rElec    .         Harm     .   (no cloak)
rCorr    .         Rampage  .   (no gloves)
Will     .....                  (no boots)
Stlth    +.........             (no amulet)
HPRegen  0.09/turn              (no ring)
MPRegen  0.18/turn              (no ring)

@: no status effects
A: hooves 1, magic regeneration
a: Renounce Religion, Depart the Abyss


You were on level 3 of the Dungeon.
You worshipped Lugonu.
Lugonu was aware of your devotion.
You visited 1 branch of the dungeon, and saw 3 of its levels.
You visited the Abyss 1 time.

You collected 39 gold pieces.

Inventory:

Hand Weapons
 a - a +1 spear (weapon)
 c - a +0 short sword
 e - a +0 club
 h - a +0 short sword
 k - a +0 dagger
 r - a +0 hunting sling
Missiles
 d - 78 stones
 t - 11 poisoned darts
Armour
 b - a +0 leather armour (worn)
 f - a +0 robe
Scrolls
 i - a scroll of amnesia
 m - a scroll of identify {unknown}
 n - 2 scrolls of immolation
 o - a scroll of teleportation {unknown}
 p - a scroll of vulnerability {unknown}
Potions
 q - a potion of heal wounds {unknown}
 s - a potion of haste {unknown}


   Skills:
 - Level 3.2 Fighting
 + Level 3.5 Polearms
 - Level 1.8 Armour
 - Level 0.8 Dodging
 + Level 0.1 Stealth
 - Level 2.4 Invocations


You had 2 spell levels left.
You didn't know any spells.
Your spell library contained the following spells:

 Spells                   Type           Power      Damage    Failure   Level
 Magic Dart               Conj           0%         1d3       36%         1
 Call Imp                 Summ           0%         N/A       52%         2
 Mephitic Cloud           Conj/Pois/Air  0%         N/A       75%         3


Dungeon Overview and Level Annotations

Branches:
Dungeon (3/15)

Altars:


Innate Abilities, Weirdness & Mutations

You have large cloven feet.
You regenerate magic rapidly.


Message History

You kill the ball python!
Lugonu accepts your kill.
You barely miss the orc. The orc closely misses you.
You hit the orc but do no damage. Your kick misses the orc. You hit the orc.
The orc is lightly wounded.
The orc hits you with a +0 whip. The orc hits you with a +0 hand axe.
You hit the orc but do no damage.
The orc is lightly wounded.
The orc barely misses you. The orc hits you with a +0 hand axe.
You hit the orc but do no damage. Your kick misses the orc.
The orc is lightly wounded.
The orc barely misses you. x2
As you read the scroll labelled ENTUMES VANLE, it crumbles to dust.
You feel aware of your surroundings.
It was a scroll of magic mapping.
The orc barely misses you. x2
As you read the scroll labelled OXTAEK BYUZAR, it crumbles to dust.
You hear a loud clanging noise!
It was a scroll of noise.
You hear a shout! x5
The orc hits you with a +0 whip.
* * * LOW HITPOINT WARNING * * *
The orc hits you with a +0 hand axe.
* * * LOW HITPOINT WARNING * * *
As you read the scroll labelled RYJI JAINT, it crumbles to dust.
It is a scroll of amnesia.
You feel forgetful for a moment. The orc hits you but does no damage.
The orc hits you with a +0 hand axe.
* * * LOW HITPOINT WARNING * * *
Blink to where?
Press: ? - help, Dir - move target, f - you Blink to where?
Press: ? - help, Dir - move target, f - you Blink to where?
Press: ? - help, Dir - move target
As you read the scroll labelled BYUNWOROTE, it crumbles to dust.
It was a scroll of blinking.
It was a potion of cancellation.
You feel magically purged. The orc hits you with a +0 whip.
You die...

****** *.# * ,,,,,*
*.##********** ,,,,,*
*****#####..,,,,,,,,,,,
,,,,,******,,,,,....##*****,,*,,,
,,,,,,,,,,*,****##...#* *,,,,,*
,,,,,****,*,* ##o#o#,* **,*,,,
,,,,,* *,,,* #..o.#,* *,,,,,
,,,,,* ***** #oo###,* **,,..
*,**** #@#...#* *,,.#
*,****##########.######### *,..#
*,,,,*#..................# *...#
****,*#..................####...#
*,*#........#.##.####.........
*,*#..........##.##...........
*,*#........#....>..#..<......
*,*#........####.####.####...#
*,*#..................# *,,.#


You could see 5 orcs.

Vanquished Creatures
  An adder (D:2)
  2 dart slugs
  An orc (D:3)
  4 bats (D:1)
  3 endoplasms (D:1)
  2 giant cockroaches (D:2)
  2 goblins
  6 hobgoblins
  6 jackals (D:1)
  5 kobolds (D:1)
  2 ball pythons
  4 frilled lizards
  3 rats
41 creatures vanquished.

Notes
Turn   | Place    | Note
-------+----------+-------------------------------------------
     0 | Abyss:1  | pikapanic the Demonspawn Abyssal Knight began the quest for
                  | the Orb.
     0 | Abyss:1  | Reached XP level 1. HP: 18/18 MP: 2/2
    40 | D:1      | Escaped the Abyss
   102 | D:1      | Found a faded altar of an unknown god.
   262 | D:1      | Gained mutation: You have large cloven feet. [demonic
                  | ancestry]
   262 | D:1      | Reached XP level 2. HP: 24/24 MP: 3/3
   676 | D:1      | Reached * piety under Lugonu
  1108 | D:1      | Gained mutation: You regenerate magic rapidly. [demonic
                  | ancestry]
  1108 | D:1      | Reached XP level 3. HP: 28/29 MP: 4/4
  2751 | D:3      | Slain by an orc

Illustrated notes

Levels and vault maps discovered:
D:1:      minmay_arrival_four_houses, layout_loops_corners,
          hellmonk_ecumenical_altar_blasted
D:2:      layout_basic, minmay_misc_feat_iff
D:3:      layout_loops_cross, uniq_jessica, uniq_robin

Skill      XL: |  1  2  3 |
---------------+----------+-----
Polearms       | 2 3 |  3.5
Fighting       | |  3.2
Armour         | |  1.8
Dodging        | |  0.8
Stealth        | |  0.1
Invocations    | |  2.4

Action                   || total
-------------------------++-------
Melee: Spear             ||   142
       Kick              ||    14
Invok: Depart the Abyss  ||     1
  Use: Scroll            ||     4
       Potion            ||     1
Armor: Leather armour    ||    32
Dodge: Dodged            ||    94
